 Dungeon Crawl Stone Soup version 0.31-a0-986-g5e6e4ef867 (webtiles) character file.

Game seed: 6533437832554061369

26 grandjackal the Ducker (level 2, 0/23 HPs)
             Began as a Demonspawn Gladiator on Nov 17, 2023.
             Slain by a jackal (2 damage)
             ... on level 1 of the Dungeon.
             The game lasted 00:00:51 (286 turns).

grandjackal the Ducker (Demonspawn Gladiator)        Turns: 286, Time: 00:00:52

Health: 0/23       AC:  4    Str: 14    XL:     2   Next: 89%
Magic:  2/2        EV: 12    Int:  9    God:
Gold:   38         SH:  0    Dex: 14    Spells: 2/2 levels left

rFire   . . .        a - +0 long sword
rCold   . . .        (no shield)
rNeg    . . .        b - +0 leather armour
rPois   .            c - +0 helmet
rElec   .            (no cloak)
rCorr   .            (no gloves)
SInv    .            (no boots)
Will    .....        (no amulet)
Stlth   +            (no ring)
HPRegen 0.23/turn    (no ring)
MPRegen 0.08/turn

%: no passive effects
@: no status effects
A: demonic magic 1
a: no special abilities


You were on level 1 of the Dungeon.
You visited 1 branch of the dungeon, and saw 1 of its levels.

You collected 38 gold pieces.

Inventory:

Hand Weapons
 a - a +0 long sword (weapon)
Missiles
 d - 3 throwing nets (quivered)
 e - a javelin
Armour
 b - a +0 leather armour (worn)
 c - a +0 helmet (worn)
Scrolls
 f - 2 scrolls of blinking {unknown}
 g - a scroll of identify {unknown}
Potions
 h - a potion of cancellation {unknown}


   Skills:
 + Level 2.4 Fighting
 + Level 3.0 Long Blades
 - Level 2.0 Throwing
 - Level 3.0 Dodging
 + Level 0.5 Spellcasting


You had 2 spell levels left.
You didn't know any spells.
Your spell library was empty.

Dungeon Overview and Level Annotations

Branches:
Dungeon (1/15)

Altars:


Innate Abilities, Weirdness & Mutations

Spells you cast may paralyse adjacent enemies.


Message History

The jackal bites you but does no damage.
The jackal bites you. The rat bites you but does no damage.
The jackal misses you. The jackal bites you.
You barely miss the jackal.
The jackal is almost dead.
The rat completely misses you. The jackal closely misses you. x2
The rat bites you. The jackal closely misses you.
You are too injured to fight recklessly!
You are too injured to fight recklessly!
You are too injured to fight recklessly!
You hit the jackal.
You kill the jackal!
The jackal closely misses you. The jackal barely misses you.
The rat closely misses you.
You closely miss the jackal. The jackal bites you. The rat bites you.
The jackal bites you.
* * * LOW HITPOINT WARNING * * *
You hit the jackal.
The jackal is lightly wounded.
The jackal misses you. The rat barely misses you. The jackal bites you.
* * * LOW HITPOINT WARNING * * *
You hit the jackal but do no damage.
The jackal is lightly wounded.
The rat bites you but does no damage. The jackal bites you.
* * * LOW HITPOINT WARNING * * *
The jackal closely misses you. The rat attacks as it pursues you!
The rat bites you.
* * * LOW HITPOINT WARNING * * *
You hit the rat.
The rat is heavily wounded.
The rat bites you but does no damage.
You closely miss the rat.
The rat is heavily wounded.
The rat closely misses you. x2
You hit the rat.
You kill the rat!
You closely miss the jackal.
The jackal bites you but does no damage. x2
You closely miss the jackal. The jackal bites you.
You die...

#.............##.#...............
.[##......................##.....
#..............#....#.....##.....
#...#.##+#.....#....#.....##.....
..#.#.. #.......#..#.....##.#...
..#.#... ..#..###..###...##.#...
. #...... #.#..#......###........
..#....##.#..#......##.........
........h@................
..##..†.#....†###...#.#... ..
.....#..#.....#........... ..
.)......#.....#..........# ..
........#.....#..........# ..
........#.....#..........# ..
......#.+.....####.......# ..
......###.....# ....... .. ......
##.....


You could see a jackal.

Vanquished Creatures
  2 endoplasms (D:1)
  3 giant cockroaches (D:1)
  2 goblins (D:1)
  3 hobgoblins (D:1)
  3 jackals (D:1)
  3 quokkas (D:1)
  2 bats (D:1)
  3 rats (D:1)
21 creatures vanquished.

Notes
Turn   | Place    | Note
-------+----------+-------------------------------------------
     0 | D:1      | grandjackal the Demonspawn Gladiator began the quest for
                  | the Orb.
     0 | D:1      | Reached XP level 1. HP: 16/16 MP: 1/1
   114 | D:1      | Gained mutation: Spells you cast may paralyse adjacent
                  | enemies. [demonic ancestry]
   114 | D:1      | Reached XP level 2. HP: 22/22 MP: 2/2
   281 | D:1      | HP: 1/23 [rat (2)]
   286 | D:1      | Slain by a jackal

Illustrated notes

Levels and vault maps discovered:
D:1:      amcnicky_arrival_single_pillar, layout_basic

Skill      XL: |  1  2 |
---------------+-------+-----
Throwing       | 2 |  2.0
Dodging        | 3 |  3.0
Long Blades    | 3 |  3.0
Fighting       | |  2.4
Spellcasting   | |  0.5

Action                     || total
---------------------------++-------
  Melee: Long sword        ||    67
 Armour: Leather armour    ||    55
  Dodge: Dodged            ||    62

Table legend: (Time is in decaauts)
 A = Elapsed time spent in this place.
 B = Non-inter-level travel time spent in this place.
 C = Inter-level travel time spent in this place.
 D = Time resting spent in this place.
 E = Time spent auto-exploring this place.
 F = Levels seen in this place.
 G = Mean time per level.
                   A        B        C        D        E       F      G
               +--------+--------+--------+--------+--------+-----+--------+
         Total |    302 |    302 |      0 |     12 |    152 |   1 |  302.0 |
       Dungeon |    302 |    302 |      0 |     12 |    152 |   1 |  302.0 |
               +--------+--------+--------+--------+--------+-----+--------+

Top non-repeatable levels by time:
     D:1: 302 daAuts
